 Dungeon Crawl Stone Soup version 0.29-a0-266-gf56f883ddd (webtiles) character file.

Game seed: 922666113953730551

3344 Inarius the Grappler (level 9, -4/68 HPs)
             Began as a Demonspawn Fighter on Mar 6, 2022.
             Was a Follower of Makhleb.
             Slain by a chaos spawn (5 damage)
             ... on level 8 of the Dungeon.
             The game lasted 00:12:45 (11213 turns).

Inarius the Grappler (Demonspawn Fighter)          Turns: 11213, Time: 00:12:46

Health: -4/68      AC: 17    Str: 20    XL:     9   Next: 72%
Magic:  8/12       EV:  5    Int: 10    God:    Makhleb [*.....]
Gold:   342        SH:  5    Dex: 13    Spells: 8/8 levels left

rFire   x . .      SeeInvis .   a - +0 war axe
rCold   + . .      Faith    .   c - +0 buckler
rNeg    . . .      Spirit   .   y - +0 plate armour
rPois   .          Reflect  .   (no helmet)
rElec   .          Harm     .   (no cloak)
rCorr   .          Rampage  .   h - +0 pair of gloves
Will    .....                   b - +0 pair of boots
Stlth   ..........              (no amulet)
HPRegen 0.21/turn               q - ring of ice
MPRegen 0.13/turn               (no ring)

@: no status effects
A: claws 1, yellow scales 2, ignite blood 1, powered by death 1
a: Renounce Religion


You were on level 8 of the Dungeon.
You worshipped Makhleb.
Makhleb was aware of your devotion.
You visited 2 branches of the dungeon, and saw 9 of its levels.

You collected 342 gold pieces.

Inventory:

Hand Weapons
 a - a +0 war axe (weapon)
 r - a +2 short sword of venom
Armour
 b - a +0 pair of boots (worn)
 c - a +0 buckler (worn)
 h - a +0 pair of gloves (worn)
 u - a +0 chain mail
 y - a +0 plate armour (worn)
Jewellery
 p - a ring of fire
 q - a ring of ice (left hand)
Wands
 A - a wand of polymorph (7)
 B - a wand of digging (5)
 C - a wand of paralysis (7)
Scrolls
 d - a scroll of immolation {unknown}
 f - 2 scrolls of vulnerability {unknown}
 g - a scroll of summoning
 j - a scroll of fear {unknown}
 k - 2 scrolls of fog {unknown}
 l - 3 scrolls of teleportation
 m - 2 scrolls of holy word {unknown}
 n - a scroll of silence {unknown}
 o - 3 scrolls of magic mapping
 s - 3 scrolls of torment {unknown}
 z - 2 scrolls of enchant weapon {unknown}
Potions
 e - 2 potions of brilliance
 i - a potion of cancellation
 t - a potion of lignification {unknown}
 v - 2 potions of curing
 w - a potion of flight {unknown}
 x - a potion of attraction {unknown}


   Skills:
 + Level 5.1 Fighting
 - Level 4.5 Axes
 + Level 5.2 Armour
 + Level 4.0 Shields
 * Level 8.6 Unarmed Combat
 * Level 4.5 Invocations
 * Level 3.3 Evocations


You had 8 spell levels left.
You didn't know any spells.
Your spell library contained the following spells:

 Spells                   Type           Power      Damage    Failure   Level
 Pain                     Necr           0%         1d4       100%        1
 Sandblast                Erth           0%         2d4       100%        1
 Passwall                 Tmut/Erth      0%         N/A       100%        2
 Sublimation of Blood     Necr           0%         N/A       100%        2
 Wereblood                Tmut           0%         N/A       100%        2
 Stone Arrow              Conj/Erth      0%         3d7       100%        3
 Animate Armour           Summ/Erth      0%         N/A       100%        4
 Agony                    Necr           0%         N/A       100%        5
 Blade Hands              Tmut           0%         N/A       100%        5
 Excruciating Wounds      Necr           0%         N/A       100%        5
 Iron Shot                Conj/Erth      0%         9d1       100%        6
 Summon Hydra             Summ           0%         N/A       100%        7


Dungeon Overview and Level Annotations

Branches:
Dungeon (8/15)             Temple (1/1) D:5
   Lair: D:8-11

Altars:
Cheibriados
Dithmenos
Elyvilon
Gozag
Hepliaklqana
Kikubaaqudgha
Makhleb
Nemelex Xobeh
Qazlal
Ru
Sif Muna
Trog
Vehumet
Wu Jian
Xom
Yredelemnul
Zin
The Shining One

Annotations:
D:5 2 transporters, Vruhak's ghost, novice BaFi


Innate Abilities, Weirdness & Mutations

You have sharp fingernails.
You are mostly covered in yellow scales. (AC +3)
Your demonic aura sometimes causes spilled blood to erupt in flames.
You regenerate a little health from kills.


Message History

The chaos spawn is heavily wounded.
You hit the chaos spawn but do no damage.
The chaos spawn gores you but does no damage.
The chaos spawn gores you.
The chaos spawn draws strength from your injuries!
Unknown command.
Unknown command.
You miss the chaos spawn.
The chaos spawn is heavily wounded.
You completely miss the chaos spawn. The chaos spawn barely misses you.
You block the chaos spawn's attack.
Unknown command.
You closely miss the chaos spawn.
The chaos spawn is heavily wounded.
You hit the chaos spawn but do no damage.
The chaos spawn gores you! The chaos spawn sears you!
* * * LOW HITPOINT WARNING * * *
The chaos spawn gores you but does no damage.
The chaos spawn hits you but does no damage.
The chaos spawn hits you.
* * * LOW HITPOINT WARNING * * *
The chaos spawn shocks you!
* * * LOW HITPOINT WARNING * * *
You are too injured to fight recklessly!
Unknown command.
You are too injured to fight recklessly!
Unknown command.
You are too injured to fight recklessly!
The chaos spawn attacks as you move away!
You block the chaos spawn's attack.
The chaos spawn attacks as you move away!
The chaos spawn barely misses you.
The chaos spawn is engulfed in blazing flames.
The chaos spawn attacks as you move away!
The chaos spawn hits you but does no damage.
The chaos spawn attacks as you move away!
The chaos spawn gores you.
* * * LOW HITPOINT WARNING * * *
The chaos spawn freezes you. You resist.
You die...

.# .. # .#
#####.####.# ...
........... ..
..........
#.##.#......#
............#
.....##@# .
####.#..#44#.# #
...>#..#.°#.#.# #
#.#.#..#......#
#.###.#.#..#......#
(.....4...........#
#...48....#......#
#.#............#
.4...⌠.≈.>##.##...#


You could see 2 chaos spawn.

Vanquished Creatures
  Eustachio (D:6)
  A vampire mosquito (D:5)
  A water moccasin (D:7)
  2 sky beasts
  6 ice beasts
  An orc warrior (D:7)
  2 ogres
  2 centaurs (D:6)
  4 phantoms
  A kobold brigand (D:7)
  A bullfrog (D:6)
  A necrophage (D:5)
  3 scorpions
  5 wights
  A howler monkey (D:7)
  5 hounds
  3 jellies
  2 orc priests
  3 iguanas (D:5)
  4 orc wizards
  14 gnolls
  6 adders
  3 shadow imps
  4 white imps
  An ufetubus (D:6)
  4 dart slugs
  3 worms (D:2)
  18 orcs
  6 endoplasms
  2 giant cockroaches (D:1)
  5 goblins
  6 hobgoblins
  3 jackals (D:2)
  4 quokkas
  7 ball pythons
  9 bats
  5 frilled lizards
  2 goblin skeletons (D:6)
  4 hobgoblin zombies (D:6)
  20 kobolds
  2 kobold skeletons (D:6)
  An orc zombie (D:6)
  3 rats
181 creatures vanquished.

Notes
Turn   | Place    | Note
-------+----------+-------------------------------------------
     0 | D:1      | Inarius the Demonspawn Fighter began the quest for the Orb.
     0 | D:1      | Reached XP level 1. HP: 18/18 MP: 1/1
   161 | D:1      | Gained mutation: You are partially covered in yellow
                  | scales. (AC +2) [demonic ancestry]
   161 | D:1      | Reached XP level 2. HP: 20/24 MP: 2/2
   747 | D:1      | Reached XP level 3. HP: 28/29 MP: 3/3
  1481 | D:2      | You fall into a shaft and drop 1 floor!
  1623 | D:2      | Found a shadowy altar of Dithmenos.
  1752 | D:2      | Gained mutation: Your demonic aura sometimes causes spilled
                  | blood to erupt in flames. [demonic ancestry]
  1752 | D:2      | Reached XP level 4. HP: 28/35 MP: 4/4
  2131 | D:3      | Noticed a sky beast
  2136 | D:3      | Killed a sky beast
  2137 | D:3      | Gained mutation: You are mostly covered in yellow scales.
                  | (AC +3) [demonic ancestry]
  2137 | D:3      | Reached XP level 5. HP: 34/41 MP: 5/5
  2877 | D:4      | Noticed an ogre
  3655 | D:4      | Gained mutation: You have sharp fingernails. [demonic
                  | ancestry]
  3655 | D:4      | Reached XP level 6. HP: 48/48 MP: 6/6
  4011 | D:4      | Reached skill level 1 in Unarmed Combat
  4062 | D:4      | Reached skill level 2 in Unarmed Combat
  4618 | D:5      | Entered Level 5 of the Dungeon
  4618 | D:5      | Found a staircase to the Ecumenical Temple.
  4624 | Temple   | Entered the Ecumenical Temple
  5059 | D:5      | Reached skill level 3 in Unarmed Combat
  5070 | D:5      | Noticed an ice beast
  5072 | D:5      | Reached XP level 7. HP: 29/53 MP: 7/7
  5224 | D:5      | Reached skill level 4 in Unarmed Combat
  5349 | D:5      | Noticed Vruhak's ghost (novice BaFi)
  5351 | D:5      | Found a transporter.
  5665 | D:5      | Found a transporter.
  5879 | D:5      | Reached skill level 5 in Unarmed Combat
  6144 | D:5      | Noticed a vampire
  6712 | D:5      | Found a burning altar of Makhleb.
  6716 | D:5      | Noticed a balrug
  6716 | D:5      | Noticed an angel
  6719 | D:5      | Became a worshipper of Makhleb the Destroyer
  6765 | D:5      | Reached skill level 1 in Invocations
  6902 | D:5      | Reached skill level 6 in Unarmed Combat
  6902 | D:5      | Gained mutation: You regenerate a little health from kills.
                  | [demonic ancestry]
  6902 | D:5      | Reached XP level 8. HP: 14/56 MP: 8/8
  7374 | D:5      | Reached skill level 7 in Unarmed Combat
  7549 | D:6      | Noticed Eustachio
  7562 | D:6      | Killed Eustachio
  7563 | D:6      | Reached skill level 1 in Evocations
  7628 | D:6      | Reached skill level 8 in Unarmed Combat
  8075 | D:6      | Reached XP level 9. HP: 56/65 MP: 10/10
  9413 | D:6      | Reached * piety under Makhleb
 10127 | D:7      | Reached skill level 5 in Fighting
 10369 | D:7      | Reached skill level 5 in Armour
 11185 | D:8      | Found a shimmering altar of Xom.
 11185 | D:8      | Found the +7 mace of Variability {chain chaos}
 11213 | D:8      | HP: 1/68 [chaos spawn (4)]
 11213 | D:8      | Slain by a chaos spawn

Illustrated notes

Levels and vault maps discovered:
D:1:      minmay_arrival_loop, layout_loops_ring
D:2:      layout_loops_ring, basic_altar
D:3:      layout_loops_ring
D:4:      layout_cave_pods
D:5:      layout_loops_ring, grunt_temple_overflow_order_and_chaos_2,
          temple_fountains, gammafunk_ghost_arena, minmay_divided_ellipse
D:6:      layout_gridville, nicolae_tso_besieged_by_evil, minmay_quadrilaterals,
          uniq_eustachio
D:7:      layout_basic
D:8:      layout_basic, minmay_guarded_unrand_variability, uniq_pikel
Temple:   dpeg_chambers_temple

Skill      XL: |  1  2  3  4  5  6  7  8  9 |
---------------+----------------------------+-----
Axes           | 2 3 4 |  4.5
Armour         | 3 4 5 |  5.2
Shields        | 3 4 |  4.0
Unarmed Combat | 3 6 8 |  8.6
Invocations    | 1 2 4 |  4.5
Evocations     | 1 3 |  3.3
Fighting       | 4 5 |  5.1

Action                   |  1- 3 |  4- 6 |  7- 9 || total
-------------------------+-------+-------+-------++-------
Melee: War axe           |   149 |   110 |   458 ||   717
  Use: Potion            |       |     1 |     2 ||     3
       Scroll            |       |       |     9 ||     9
 Stab: Invisible         |       |       |     4 ||     4
Armor: Scale mail        |    70 |    57 |    12 ||   139
       Chain mail        |       |       |   259 ||   259
       Plate armour      |       |       |    97 ||    97
Dodge: Dodged            |    58 |    54 |   164 ||   276
Block: Buckler           |    35 |    34 |   108 ||   177

Table legend: (Time is in decaauts)
 A = Elapsed time spent in this place.
 B = Non-inter-level travel time spent in this place.
 C = Inter-level travel time spent in this place.
 D = Time resting spent in this place.
 E = Time spent auto-exploring this place.
 F = Levels seen in this place.
 G = Mean time per level.
                   A        B        C        D        E       F      G
               +--------+--------+--------+--------+--------+-----+--------+
         Total |  11467 |  11092 |    375 |   3838 |   4916 |   9 | 1274.1 |
       Dungeon |  11220 |  10845 |    375 |   3838 |   4733 |   8 | 1402.5 |
        Temple |    246 |    246 |      0 |      0 |    183 |   1 |  246.0 |
               +--------+--------+--------+--------+--------+-----+--------+

Top non-repeatable levels by time:
     D:5: 2657 daAuts
     D:7: 2013 daAuts
     D:4: 1502 daAuts
     D:6: 1481 daAuts
     D:3: 1467 daAuts
     D:2: 1120 daAuts
     D:1: 945 daAuts
  Temple: 246 daAuts
     D:8: 32 daAuts
